 Dungeon Crawl Stone Soup version 0.31-a0-200-gbc41564c69 (webtiles) character file.

Game seed: 2462523254659273413

77 qw the Shooter (level 4, 0/25 HPs)
             Began as a Deep Elf Hunter on June 25, 2023.
             Slain by a hobgoblin (2 damage)
             ... led by Robin
             ... on level 2 of the Dungeon.
             The game lasted 00:00:21 (895 turns).

qw the Shooter (Deep Elf Hunter)                     Turns: 895, Time: 00:00:22

Health: 0/25       AC:  3    Str: 11 (12) XL:     4   Next: 14%
Magic:  6/6        EV: 12    Int: 13 (16) God:
Gold:   119        SH:  0    Dex: 19 (20) Spells: 3/3 levels left

rFire   . . .        a - +0 shortbow
rCold   . . .        (shield currently unavailable)
rNeg    . . .        c - +0 leather armour
rPois   .            f - +2 hat
rElec   .            (no cloak)
rCorr   .            (no gloves)
SInv    .            (no boots)
Will    .....        (no amulet)
Stlth   ++           (no ring)
HPRegen 0.24/turn    (no ring)
MPRegen 0.10/turn

%: no passive effects
@: no status effects
A: agile 1, clever 1, deformed body, strong 1, evolution 1
a: no special abilities


You were on level 2 of the Dungeon.
You visited 1 branch of the dungeon, and saw 2 of its levels.

You collected 119 gold pieces.


Innate Abilities, Weirdness & Mutations

You are agile. (Dex +4, Str/Int -1)
Your mind is acute. (Int +4, Str/Dex -1)
Armour fits poorly on your strangely shaped body.
Your muscles are strong. (Str +4, Int/Dex -1)
You have hidden genetic potential.


   Skills:
 - Level 1.5 Fighting
 + Level 7.5 Ranged Weapons
 - Level 2.4 Dodging
 - Level 1.2 Stealth


You had 3 spell levels left.
You didn't know any spells.
Your spell library was empty.

Inventory:

Hand Weapons
 a - a +0 shortbow (weapon)
Armour
 c - a +0 leather armour (worn)
 f - a +2 hat (worn)
Potions
 d - a potion of mutation

Dungeon Overview and Level Annotations

Branches:
Dungeon (2/15)

Altars:

Annotations:
D:2 Robin


Message History

The hobgoblin hits you but does no damage.
The goblin misses you. The goblin hits you with a +0 club.
You shoot an arrow. The arrow hits the goblin!
You kill the goblin!
Robin throws the goblin at you! The goblin hits you but does no damage.
The hobgoblin completely misses you. The goblin barely misses you.
You shoot an arrow. The arrow hits the goblin.
The goblin is severely wounded.
The goblin hits you but does no damage.
The hobgoblin hits you but does no damage.
The goblin hits you with a +0 club.
You shoot an arrow. The arrow closely misses the goblin.
The goblin misses you. The hobgoblin hits you.
The goblin hits you but does no damage. x3
The hobgoblin hits you but does no damage.
You shoot an arrow. The arrow closely misses the goblin.
The goblin closely misses you. The goblin barely misses you.
Robin roars a battlecry!
The goblins go into a battle-frenzy!
The hobgoblin hits you but does no damage.
You shoot an arrow. The arrow hits the goblin.
You kill the goblin!
The hobgoblin closely misses you. The goblin closely misses you.
You shoot an arrow. The arrow closely misses the goblin.
The goblin barely misses you. The hobgoblin completely misses you.
The goblin hits you with a +0 dagger.
You shoot an arrow.
The arrow hits the goblin but does no damage.
The goblin hits you with a +0 dagger. The hobgoblin closely misses you.
The goblin hits you with a +0 club.
You shoot an arrow. The arrow hits the goblin!
You kill the goblin!
The hobgoblin completely misses you. The goblin barely misses you.
You shoot an arrow. The arrow barely misses the goblin.
The hobgoblin closely misses you. The goblin hits you with a +0 club.
The goblin misses you.
You shoot an arrow. The arrow hits the goblin!
You kill the goblin!
The hobgoblin hits you.
You die...

........# .# ......).#
#.# ..).....# ...
........# ..#
........##.#
.....)g.#..#
......ggg.# #@#
......# ##.# ......#
#######..##### ......#
#............# ......#
#.#####.####.# %.....#
##..# ......# ###..##
....#.###.##..#......#
..........##.##.######


You could see Robin, 2 hobgoblins and a goblin (strong).

Vanquished Creatures
  Natasha (D:2)
  An adder (D:2)
  A worm (D:1)
  2 dart slugs
  An orc (D:2)
  3 ball pythons (D:1)
  4 bats (D:1)
  2 endoplasms (D:1)
  4 hobgoblins
  10 goblins
  4 kobolds (D:1)
  A rat (D:1)
34 creatures vanquished.

Notes
Turn   | Place    | Note
-------+----------+-------------------------------------------
     0 | D:1      | qw the Deep Elf Hunter began the quest for the Orb.
     0 | D:1      | Reached XP level 1. HP: 12/12 MP: 3/3
     0 | D:1      | 0 ||| qw: Version: 0.3-a-22-g0ed2b0b
     0 | D:1      | 0 ||| qw: Game counter: 5673
     0 | D:1      | 0 ||| qw: Melee chars always use a shield: true
     0 | D:1      | 0 ||| qw: God list: Okawaru
     0 | D:1      | 0 ||| qw: Allow faded altars: false
     0 | D:1      | 0 ||| qw: Do Orc after clearing Dungeon:15 true
     0 | D:1      | 0 ||| qw: Do second Lair branch before Depths: true
     0 | D:1      | 0 ||| qw: Lair rune preference: random
     0 | D:1      | 0 ||| qw: Goals: Normal
     0 | D:1      | 0 ||| PLANNING D:1-11
   136 | D:1      | Reached XP level 2. HP: 16/16 MP: 4/4
   142 | D:1      | Reached skill level 6 in Ranged Weapons
   216 | D:1      | 216 ||| DRINKING 2 pink potions.
   216 | D:1      | Gained mutation: You are agile. (Dex +4, Str/Int -1)
                  | [potion of mutation]
   216 | D:1      | Gained mutation: Your mind is acute. (Int +4, Str/Dex -1)
                  | [potion of mutation]
   216 | D:1      | Gained mutation: Armour fits poorly on your strangely
                  | shaped body. [potion of mutation]
   216 | D:1      | Gained mutation: You have hidden genetic potential. [potion
                  | of mutation]
   694 | D:1      | 694 ||| UPGRADING to +2 hat.
   699 | D:1      | 699 ||| DRINKING 3 cyan potions.
   700 | D:1      | 700 ||| DROPPING scroll of butterflies.
   701 | D:1      | 701 ||| DROPPING 2 potions of degeneration.
   759 | D:2      | Reached XP level 3. HP: 20/20 MP: 5/5
   766 | D:2      | Noticed Natasha
   772 | D:2      | Killed Natasha
   773 | D:2      | Reached skill level 7 in Ranged Weapons
   774 | D:2      | Gained mutation: Your muscles are strong. (Str +4, Int/Dex
                  | -1) [hidden potential]
   792 | D:2      | 792 ||| FLEEEEING.
   793 | D:2      | 793 ||| FLEEEEING.
   878 | D:2      | Noticed Robin
   881 | D:2      | Reached XP level 4. HP: 23/25 MP: 6/6
   894 | D:2      | HP: 2/25 [goblin/+0 club[Robin] (5)]
   895 | D:2      | Slain by a hobgoblin

Levels and vault maps discovered:
D:1:      mrwooster_arrival_arrow, layout_loops_ring,
          nicolae_concentric_dashed_squares_wild, nicolae_wormholes
D:2:      layout_basic, chequers_ecumenical_altar_simple, uniq_natasha,
          uniq_robin

Skill      XL: |  1  2  3 |
---------------+----------+-----
Ranged Weapons | 6 7 |  7.5
Fighting       | |  1.5
Dodging        | |  2.4
Stealth        | |  1.2

Action                     |  1- 3 |  4- 6 || total
---------------------------+-------+-------++-------
   Fire: Shortbow          |    69 |    15 ||    84
    Use: Potion            |     2 |       ||     2
 Armour: Leather armour    |     7 |    10 ||    17
  Dodge: Dodged            |    13 |    21 ||    34

Table legend:
 A = Non-vault XP
 B = Vault XP
 C = Vault XP percentage of total XP
 D = Non-vault monster count
 E = Vault monster count
 F = Vault count percentage of total count
                 A         B        C        D         E       F
            +---------+---------+-------+---------+---------+-------
      Total |      57 |      56 |  49.6 |      24 |      10 |  29.4
            +---------+---------+-------+---------+---------+-------
        D:1 |      35 |       5 |  12.5 |      20 |       1 |   4.8
        D:2 |      22 |      51 |  69.9 |       4 |       9 |  69.2
            +---------+---------+-------+---------+---------+-------
